 Dungeon Crawl Stone Soup version 0.23.2-1-ga50397a6bc (webtiles) character file.

Game seed: 5997171869577893265

3803 Foic the Thaumaturge (level 9, -12/59 HPs)
             Began as a Mummy Necromancer on May 17, 2019.
             Was a Follower of Sif Muna.
             Killed by divine providence
             ... invoked by an orc priest
              (13 damage)
             ... on level 8 of the Dungeon.
             The game lasted 00:48:06 (12444 turns).

Foic the Thaumaturge (Mummy Necromancer)           Turns: 12444, Time: 00:48:08

Health: -12/59     AC:  9    Str: 12    XL:     9   Next: 96%
Magic:  26/34      EV: 14    Int: 20    God:    Sif Muna [*.....]
Gold:   411        SH:  0    Dex: 12    Spells: 21/32 levels left

rFire    . . .     SeeInvis .   u - staff of wizardry
rCold    + . .     Gourm    .   (no shield)
rNeg     + + +     Faith    .   i - +2 robe {rF+}
rPois    ∞         Spirit   .   p - +2 helmet {Int+3}
rElec    .         Reflect  .   s - +0 cloak
rCorr    .         Harm     .   a - +0 pair of gloves {archery}
MR       ++...                  (no boots)
Stlth    ++........             (no amulet)
HPRegen  0.19/turn              k - ring of magical power
MPRegen  0.24/turn              z - ring of protection from magic

@: no status effects
A: no food or potions, fire vulnerability, cold resistance 1, negative energy
resistance 3, torment resistance, unbreathing
a: Divine Energy, Renounce Religion


You were on level 8 of the Dungeon.
You worshipped Sif Muna.
Sif Muna was aware of your devotion.
You were not hungry.

You visited 2 branches of the dungeon, and saw 9 of its levels.

You collected 411 gold pieces.

Inventory:

Hand Weapons
 q - a +0 quarterstaff
 v - a +0 hunting sling
 B - the cursed +2 dagger "Murmur" {pain, Dex+3, unknown}
   (You found it on level 7 of the Dungeon)

   In the hands of one skilled in necromantic magic, it inflicts extra damage on
   living creatures.
   It affects your dexterity (+3).
   It has a curse placed upon it.
Missiles
 b - 294 stones (quivered)
 g - 35 sling bullets
 w - 134 arrows
Armour
 a - a +0 pair of gloves of archery (worn)
 i - a +2 robe of fire resistance (worn)
 m - a +2 leather armour of fire resistance
 p - a +2 helmet of intelligence (worn)
 s - a +0 cloak (worn)
 y - a scarf of resistance
 A - a +3 scale mail of magic resistance
Magical Staves
 u - an uncursed staff of wizardry (weapon)
Jewellery
 k - a ring of magical power (left hand)
 z - a ring of protection from magic (right hand)
 E - an uncursed ring of protection from magic
 F - a cursed ring of attention
Wands
 d - a wand of digging (12)
 h - a wand of random effects (31)
 t - a wand of polymorph (10)
 x - a wand of iceblast (4)
Scrolls
 c - 5 scrolls of teleportation {unknown}
 e - 2 scrolls of immolation {unknown}
 f - 3 scrolls of noise {unknown}
 j - a scroll of remove curse {unknown}
 l - 2 scrolls of enchant armour {unknown}
 n - 3 scrolls of amnesia {unknown}
 o - a scroll of blinking {unknown}
 r - a scroll of acquirement {unknown}
 C - a scroll of enchant weapon {unknown}
 D - a scroll of holy word {unknown}


   Skills:
 + Level 1.2 Fighting
 + Level 0.6 Staves
 * Level 4.8 Dodging
 + Level 2.5 Stealth
 * Level 12.4 Spellcasting
 + Level 8.6 Necromancy


You had 21 spell levels left.
You knew the following spells:

 Your Spells              Type           Power        Failure   Level  Hunger
a - Pain                  Necr           ####         1%          1    N/A
b - Animate Skeleton      Necr           N/A          1%          1    N/A
c - Vampiric Draining     Necr           #####.....   1%          3    N/A
d - Animate Dead          Necr           N/A          1%          4    N/A
e - Sticks to Snakes      Tmut           ##......     3%          2    N/A

Your spell library contained the following spells:

 Spells                   Type           Power        Failure   Level  Hunger
 Regeneration             Chrm/Necr      Unusable     N/A         3    N/A
 Beastly Appendage        Tmut           Unusable     N/A         1    N/A
 Spider Form              Tmut/Pois      Unusable     N/A         3    N/A
 Ice Form                 Ice/Tmut       Unusable     N/A         4    N/A
 Blade Hands              Tmut           Unusable     N/A         5    N/A

Dungeon Overview and Level Annotations

Branches:
Dungeon (8/15)             Temple (1/1) D:7
   Lair: D:8-11

Altars:
Ashenzari
Cheibriados
Elyvilon
Gozag
Hepliaklqana
Kikubaaqudgha
Makhleb
Nemelex Xobeh
Okawaru
Qazlal
Ru
Sif Muna
Trog
Uskayaw
Vehumet
Xom
Yredelemnul
Zin
The Shining One

Annotations:
D:6 5 runed translucent doors poison res.


Innate Abilities, Weirdness & Mutations

You do not eat or drink.
Your flesh is vulnerable to fire.
You are immune to poison.
Your flesh is cold resistant. (rC+)
You are immune to negative energy. (rN+++)
You are immune to unholy pain and torment.
You can survive without breathing.


Message History

Aiming: Pain (safe; 1% risk of failure)
Press: ? - help, Shift-Dir - straight line, f - orc wizard
Aim: an orc wizard, wielding a +0 dagger and wearing a +0 robe (translocational energy, fast, chance to defeat MR: 84%)
The orc wizard barely resists.
The orc priest calls down the wrath of Beogh upon you.
Beogh smites you!
* * * LOW HITPOINT WARNING * * *
Casting: Pain (safe; 1% risk of failure)
Confirm with . or Enter, or press ? or * to list all spells.
Aiming: Vampiric Draining (safe; 1% risk of failure)
Press: ? - help, Shift-Dir - straight line, f/p - orc wizard
Aim: an orc wizard, wielding a +0 dagger and wearing a +0 robe (fast)
The orc wizard is heavily wounded.
You feel life coursing into your body.
The orc wizard points at you and mumbles some strange words.
The magic dart hits you.
* * * LOW HITPOINT WARNING * * *
The orc priest mumbles some strange prayers to Beogh against you.
Beogh smites you!
You die...

.... ...#...Z...# #.. ..
#..#Z####.## #......
#..##Z..#.# #...#.#
#..#<...#.# #...#.###
##..#..#.#.# #.......
...#..#.#.# #......#
####.####.#.#
###....o.#######.........#.#
........o.oo@....>#.######
######..#####.#..#.# #..##
#.#.Z#.. #...#
#.#..########## #...##
#.#...........# ..##....#
#.#...#######.#
.........###.#.........#.#
..........##.#....##.#.#.#
.....................#.#.#


You could see 2 orc priests, an orc wizard and an orc.

Vanquished Creatures
  Harold (D:7)
  Maurice (D:8)
  A hippogriff (D:7)
  Sigmund (D:2)
  2 ice beasts
  An orc warrior (D:6)
  A sky beast (D:5)
  A black bear (D:8)
  2 centaurs
  3 big kobolds
  4 bullfrogs (D:6)
  A gnoll sergeant (D:6)
  2 scorpions
  2 howler monkeys (D:4)
  A crimson imp (D:6)
  A bullfrog zombie (D:6)
  A centaur zombie (D:4)
  5 orc priests
  2 hounds
  5 orc wizards
  A bullfrog skeleton (D:7)
  2 iguanas
  Terence (D:1)
  8 worker ants
  Ijyb (D:3)
  A hound skeleton (D:5)
  8 adders
  9 gnolls
  2 oozes
  An adder zombie (D:5)
  An adder skeleton (D:4)
  2 worms
  4 leopard geckos
  23 orcs
  6 giant cockroaches
  4 goblins
  7 hobgoblins
  9 jackals
  4 quokkas
  3 ball pythons
  8 bats
  6 frilled lizards
  25 kobolds
  9 rats
183 creatures vanquished.

Vanquished Creatures (collateral kills)
  A centaur (D:7)
  A bullfrog (D:6)
  A vampire bat (D:5)
  A centaur zombie (D:6)
  2 bullfrog zombies (D:5)
  An orc wizard (D:3)
  A shadow imp (D:7)
  An orc (D:3)
  A ball python (D:1)
  A bat (D:5)
  A leopard gecko skeleton (D:5)
  2 quokka zombies
14 creatures vanquished.

Grand Total: 197 creatures vanquished

Notes
Turn   | Place    | Note
-------+----------+-------------------------------------------
     0 | D:1      | Foic the Mummy Necromancer began the quest for the Orb.
     0 | D:1      | Reached XP level 1. HP: 13/13 MP: 4/4
    16 | D:1      | Learned a level 1 spell: Animate Skeleton
   244 | D:1      | Reached skill level 3 in Spellcasting
   244 | D:1      | Reached XP level 2. HP: 19/19 MP: 1/6
   841 | D:1      | Reached XP level 3. HP: 24/24 MP: 6/8
   846 | D:1      | Learned a level 3 spell: Vampiric Draining
  1528 | D:2      | Noticed Sigmund
  1622 | D:2      | Noticed Terence
  1927 | D:1      | Killed Terence
  1927 | D:1      | Reached skill level 4 in Spellcasting
  1927 | D:1      | Reached XP level 4. HP: 28/30 MP: 2/10
  1933 | D:1      | Learned a level 4 spell: Animate Dead
  2898 | D:2      | Killed Sigmund
  2898 | D:2      | Reached skill level 5 in Spellcasting
  2898 | D:2      | Reached XP level 5. HP: 22/35 MP: 0/13
  3432 | D:2      | Noticed a shadow
  3432 | D:2      | Noticed a shadow
  3661 | D:2      | Reached XP level 6. HP: 41/41 MP: 11/14
  4181 | D:3      | Noticed Ijyb
  4191 | D:3      | Killed Ijyb
  4191 | D:3      | Reached skill level 6 in Spellcasting
  4296 | D:3      | Reached skill level 5 in Necromancy
  4516 | D:3      | Found a sacrificial altar of Ru.
  4975 | D:4      | Found a stormy altar of Qazlal.
  4982 | D:4      | Noticed an air elemental
  5017 | D:4      | Noticed a water elemental
  5283 | D:4      | Reached XP level 7. HP: 42/46 MP: 17/17
  5440 | D:4      | Noticed a fire elemental
  5573 | D:4      | Found a sand-covered staircase.
  5637 | D:4      | Found a basalt altar of Yredelemnul.
  5704 | D:4      | Reached skill level 7 in Spellcasting
  5814 | D:4      | Found a shattered altar of Ashenzari.
  6406 | D:5      | Entered Level 5 of the Dungeon
  7078 | D:5      | Reached skill level 8 in Spellcasting
  7238 | D:5      | Reached XP level 8. HP: 42/53 MP: 18/20
  7870 | D:6      | Found a runed translucent door.
  7919 | D:6      | Found the +9 staff of Olgreb {rPois}
  7920 | D:6      | Found a runed translucent gate.
  7920 | D:6      | Found a runed translucent gate.
  7958 | D:6      | Found a runed translucent gate.
  7973 | D:6      | Found a runed translucent door.
  8084 | D:6      | Reached skill level 9 in Spellcasting
  8717 | D:6      | Reached skill level 10 in Spellcasting
  9170 | D:6      | Reached skill level 1 in Fighting
 10112 | D:7      | Reached XP level 9. HP: 55/59 MP: 23/23
 10230 | D:7      | Found a staircase to the Ecumenical Temple.
 10298 | Temple   | Entered the Ecumenical Temple
 10462 | Temple   | Became a worshipper of Sif Muna the Loreminder
 10917 | D:7      | Learned a level 2 spell: Sticks to Snakes
 11050 | D:7      | Noticed Harold
 11080 | D:7      | Killed Harold
 11080 | D:7      | Reached skill level 11 in Spellcasting
 11230 | D:7      | Got a crystal dagger
 11376 | D:7      | Reached * piety under Sif Muna
 11758 | D:8      | Reached skill level 12 in Spellcasting
 12015 | D:8      | Noticed Maurice
 12028 | D:8      | Killed Maurice
 12443 | D:8      | HP: 1/59 [orc priest/divine providence (15)]
 12444 | D:8      | Killed from afar by an orc priest

Skill      XL: |  1  2  3  4  5  6  7  8  9 |
---------------+----------------------------+-----
Spellcasting   | 3 4 5 6 8 10 12 | 12.4
Dodging        | 2 3 4 |  4.8
Stealth        | 2 |  2.5
Necromancy     | 5 6 7 8 |  8.6
Fighting       | 1 |  1.2
Staves         | |  0.6

Action                   |  1- 3 |  4- 6 |  7- 9 || total
-------------------------+-------+-------+-------++-------
Melee: Unarmed           |       |       |     3 ||     3
       Quarterstaff      |       |       |    41 ||    41
       Staff             |       |       |    12 ||    12
Throw: Stone             |       |       |    53 ||    53
 Cast: Pain              |    89 |   130 |   300 ||   519
       Animate Skeleton  |    12 |       |       ||    12
       Vampiric Draining |     2 |     6 |    46 ||    54
       Animate Dead      |       |    12 |    27 ||    39
       Sticks to Snakes  |       |       |     1 ||     1
  Use: Scroll            |       |     4 |     5 ||     9
Armor: Robe              |     2 |    10 |   100 ||   112
Dodge: Dodged            |    21 |    29 |   196 ||   246
